 Dungeon Crawl Stone Soup version 0.23-a0-483-g32a748b514 (webtiles) character file.

50 G3Kappa the Chopper (level 3, -7/34 HPs)
             Began as a Deep Dwarf Fighter on Nov 30, 2018.
             Mangled by an ogre
             ... wielding a +0 giant spiked club
              (15 damage)
             ... on level 2 of the Dungeon on Feb 16, 2019.
             The game lasted 00:10:45 (834 turns).

G3Kappa the Chopper (Deep Dwarf Fighter)             Turns: 834, Time: 00:10:46

Health: -7/34      AC:  6    Str: 20    XL:     3   Next: 55%
Magic:  3/3        EV:  7    Int:  8    God:
Gold:   65         SH:  9    Dex: 12    Spells: 2/2 levels left

rFire    . . .     SeeInvis .   a - +0 war axe
rCold    . . .     Gourm    .   c - +0 shield
rNeg     . . .     Faith    .   b - +0 scale mail
rPois    .         Spirit   .   (no helmet)
rElec    .         Reflect  .   (no cloak)
rCorr    .         Harm     .   (no gloves)
MR       .....                  (no boots)
Stlth    ..........             (no amulet)
HPRegen  0.00/turn              (no ring)
MPRegen  0.08/turn              (no ring)

@: non-regenerating
A: damage resistance, heal wounds, sense surroundings 1, no regeneration
a: Heal Wounds


You were on level 2 of the Dungeon.
You were not hungry.

You visited 1 branch of the dungeon, and saw 2 of its levels.

You collected 65 gold pieces.

Inventory:

Hand Weapons
 a - a +0 war axe (weapon)
Armour
 b - a +0 scale mail (worn)
 c - a +0 shield (worn)
 i - a +0 cloak
Scrolls
 e - a scroll of magic mapping
 h - 2 scrolls of identify
 k - a scroll of remove curse {unknown}
 l - a scroll of random uselessness {unknown}
Potions
 d - a potion of might
 j - a potion of agility
Comestibles
 f - 2 rations
 g - 6 chunks of flesh


   Skills:
 + Level 3.1 Fighting
 * Level 3.5 Axes
 - Level 3.2 Armour
 - Level 3.2 Shields
 - Level 1.0 Unarmed Combat


You had 2 spell levels left.
You didn't know any spells.
Your spell library was empty.

Dungeon Overview and Level Annotations

Branches:
Dungeon (2/15)

Altars:
Uskayaw


Innate Abilities, Weirdness & Mutations

You are resistant to damage.
You can heal yourself by infusing magical energy.
You passively map a small area around you.
You do not regenerate.


Message History

You closely miss the kobold. The kobold hits you with a +0 club.
A hobgoblin comes into view. It is wielding a +0 club.
You block the kobold's attack.
The hobgoblin shouts!
You slash the kobold!
You kill the kobold!
You closely miss the ogre. The ogre closely misses you.
An adder comes into view.
You hit the ogre.
The ogre is lightly wounded.
The ogre completely misses you.
You hit the ogre.
The ogre is moderately wounded.
The ogre hits you with a +0 giant spiked club!!
Ouch! That really hurt!
* * * LOW HITPOINT WARNING * * *
You barely miss the ogre.
The ogre is moderately wounded.
The ogre hits you with a +0 giant spiked club!
You die...

##. ** * * .., * . * , ,
# , ** , , # ,< , ## * *
* * .# *,* .
.###################....
............(...@OgS....
*
##################......
* ** *** , ##... , , * ,
, , * * * ., * ,> * * *
, , , * * *** ,


You could see an ogre, an adder and a hobgoblin.

Vanquished Creatures
  An adder (D:2)
  A worm (D:2)
  A dart slug (D:2)
  5 giant cockroaches (D:1)
  3 goblins
  5 hobgoblins
  2 jackals (D:1)
  3 kobolds
  A quokka (D:2)
  4 bats
  2 frilled lizards (D:1)
  5 rats (D:1)
33 creatures vanquished.

Notes
Turn   | Place    | Note
-------+----------+-------------------------------------------
     0 | D:1      | G3Kappa the Deep Dwarf Fighter began the quest for the Orb.
     0 | D:1      | Reached XP level 1. HP: 20/20 MP: 1/1
    79 | D:1      | Reached XP level 2. HP: 24/27 MP: 2/2
   652 | D:2      | Found a hide-covered altar of Uskayaw.
   655 | D:2      | Reached skill level 1 in Unarmed Combat
   655 | D:2      | Reached XP level 3. HP: 28/34 MP: 3/3
   827 | D:2      | Noticed an ogre
   834 | D:2      | Mangled by an ogre

Vault maps used:
D:1:      sevenhm_arrival_forest_fort_small_3
D:2:      cheibrodos_greedy_goblins, lemuel_doored_altar, old_standard_altar

Skill      XL: |  1  2 |
---------------+-------+-----
Axes           | 3 |  3.5
Fighting       | 3 |  3.1
Unarmed Combat | 1 |  1.0
Armour         | |  3.2
Shields        | |  3.2

Action                   || total
-------------------------++-------
Melee: War axe           ||   118
  Use: Scroll            ||     2
Armor: Scale mail        ||    56
Dodge: Dodged            ||    57
Block: Shield            ||    69

Table legend:
 A = Non-vault XP
 B = Vault XP
 C = Vault XP percentage of total XP
 D = Non-vault monster count
 E = Vault monster count
 F = Vault count percentage of total count
                 A         B        C        D         E       F
            +---------+---------+-------+---------+---------+-------
      Total |      72 |       0 |   0.0 |      33 |       0 |   0.0
            +---------+---------+-------+---------+---------+-------
        D:1 |      39 |       0 |   0.0 |      24 |       0 |   0.0
        D:2 |      33 |       0 |   0.0 |       9 |       0 |   0.0
            +---------+---------+-------+---------+---------+-------
